 Dungeon Crawl Stone Soup version 0.30.0-29-ga12c61a403 (webtiles) character file.

Game seed: 13431913854726858018

129341 qw the Severer (level 17, -5/108 HPs)
             Began as a Gargoyle Fighter on June 5, 2023.
             Was an Elder of Okawaru.
             Slain by a goliath frog (7 damage)
             ... while paralysed by a fenstrider witch
             ... on level 3 of the Swamp.
             The game lasted 00:15:18 (27781 turns).

qw the Severer (Gargoyle Fighter)                  Turns: 27781, Time: 00:15:19

Health: -5/108     AC: 44    Str: 26    XL:     17   Next: 5%
Magic:  24/24      EV:  2    Int: 11    God:    Okawaru [****..]
Gold:   270        SH:  0    Dex:  9    Spells: 16/16 levels left

rFire   + + .        n - +5 broad axe (flame)
rCold   + . .        D - +0 tower shield
rNeg    + . .        c - +0 plate armour {rF+}
rPois   inf          f - +2 helmet
rElec   +            z - +2 cloak {rCorr}
rCorr   +            k - +1 Delatra's gloves {ID++}
SInv    +            l - +2 pair of boots {rampage}
Will    +....        o - amulet of faith Stlth
                     B - ring "Byasukit" {*Slow rF+ Slay+4 SInv}
HPRegen 0.38/turn    v - ring of protection from cold
MPRegen 0.19/turn

%: slow self (1%), rampage, faith
@: paralysed, heroic, flying
A: sickness immunity, AC +12, big wings, negative energy resistance 1,
electricity resistance, torment resistance 1, petrification resistance
a: Renounce Religion, Heroism, Finesse


You were on level 3 of the Swamp.
You worshipped Okawaru.
Okawaru was greatly pleased with you.
You visited 5 branches of the dungeon, and saw 26 of its levels.
You also visited: Gauntlet.

You collected 2997 gold pieces.
You spent 2727 gold pieces at shops.


Innate Abilities, Weirdness & Mutations

You are immune to sickness and miasma.
Your stone body is resilient. (AC +12)
You are immune to poison.
Your large and strong wings let you fly.
You resist negative energy. (rN+)
You are resistant to electric shocks. (rElec)
You are resistant to unholy torment.
You are immune to petrification.


   Skills:
 - Level 12.6(17.6) Fighting
 - Level 17.0(22.0) Axes
 - Level 7.0(12.0) Throwing
 - Level 12.1(17.1) Armour
 - Level 4.1(9.1) Dodging
 + Level 15.7(20.7) Shields
 - Level 10.0 Invocations


You had 16 spell levels left.
You didn't know any spells.
Your spell library was empty.

Inventory:

Hand Weapons
 n - a +5 broad axe of flaming (weapon)
Missiles
 b - 16 boomerangs
 t - 2 silver javelins (quivered)
 y - a javelin
 C - a silver boomerang
Armour
 c - a +0 plate armour of fire resistance (worn)
 f - a +2 helmet (worn)
 h - a +1 plate armour
 k - the +1 Delatra's gloves (worn) {ID++}
   (You found it on level 6 of the Dungeon)

   ID++:      It heals its wearer when they drink unknown potions, and restores
   their MP when they read unknown scrolls.
 l - a +2 pair of boots of rampaging (worn)
 z - a +2 cloak of preservation (worn)
 D - a +0 tower shield (worn)
 F - the +7 ring mail of Impermeability {rPois rCorr}
   (You found it on level 14 of the Dungeon)

   rPois:     It protects you from poison.
   rCorr:     It protects you from acid and corrosion.
 G - the +0 kite shield "Mopoijen" {rC+ rCorr Int+3}
   (You acquired it on level 2 of the Swamp)

   Int:       It affects your intelligence (+3).
   rC:        It protects you from cold.
   rCorr:     It protects you from acid and corrosion.
 J - the +6 chain mail "Bajet" {Harm rElec}
   (You bought it in a shop on level 2 of the Orcish Mines)

   rElec:     It insulates you from electricity.
   Harm:      It increases damage dealt and taken.
Jewellery
 j - an amulet of reflection
 o - an amulet of faith (around neck)
 r - a ring of fire
 v - a ring of protection from cold (right hand)
 B - the ring "Byasukit" (left hand) {*Slow rF+ Slay+4 SInv}
   (You found it in a Gauntlet)

   [ring of see invisible]

   Slay:      It affects your accuracy & damage with ranged weapons and melee
   (+4).
   rF:        It protects you from fire.
   SInv:      It lets you see invisible.
   *Slow:     It may slow you when you take damage.
 E - a +6 ring of dexterity
 H - a ring of protection from cold
 I - a ring of resist corrosion
 Y - a +6 ring of dexterity
Wands
 A - a wand of digging (6)
Scrolls
 a - 16 scrolls of identify
 q - 6 scrolls of teleportation
Potions
 d - 7 potions of might
 e - 14 potions of curing
 g - 2 potions of mutation
 i - 3 potions of heal wounds
 m - 3 potions of attraction
 p - 4 potions of lignification
 s - 2 potions of magic
 u - 3 potions of cancellation
 w - 2 potions of resistance
 x - 4 potions of haste

Dungeon Overview and Level Annotations

Branches:
Dungeon (15/15)            Temple (1/1) D:4            Lair (5/5) D:8
  Swamp (3/4) Lair:2       Spider (0/4) Lair:2        Slime (0/5) Lair:5
    Orc (2/2) D:10            Elf (0/3) Orc:2        Vaults (0/5) D:14
 Depths (0/4) D:15        Gauntlet (visited)

Altars:
Ashenzari
Cheibriados
Dithmenos
Elyvilon
Fedhas
Gozag
Hepliaklqana
Kikubaaqudgha
Makhleb
Nemelex Xobeh
Okawaru
Qazlal
Ru
Sif Muna
Trog
Uskayaw
Vehumet
Wu Jian
Xom
Yredelemnul
Zin
The Shining One
Jiyva

Shops:
D:3 ?!   D:4 [   D:5 *   D:12 [   D:13 *   Orc:2 =[([

Annotations:
D:4 1 runed translucent door, Crazy Yiuf
D:11 2 transporters
Swamp:1 1 runed translucent door


Message History

Okawaru accepts your kill.
You hear a splash.
An eleionoma bone magically twists into a wand of mindburst (6).
You slash the fenstrider witch! You burn the fenstrider witch!
You slash the swamp dragon! You burn the swamp dragon.
You block the fenstrider witch's attack.
The fenstrider witch completely misses you.
The swamp dragon bites you but does no damage.
The swamp dragon claws you but does no damage.
You block the swamp dragon's attack. You block the goliath frog's attack.
You closely miss the swamp dragon.
The swamp dragon is severely wounded.
You hit the fenstrider witch. You burn the fenstrider witch.
The fenstrider witch hits you but does no damage.
You block the fenstrider witch's attack.
The swamp dragon closely misses you.
The swamp dragon claws you but does no damage.
The swamp dragon tramples you but does no damage.
The goliath frog barely misses you.
You slice the swamp dragon!! You burn the swamp dragon.
You kill the swamp dragon!
Okawaru accepts your kill. Okawaru grants you throwing weapons!
Something appears at your feet!
You hit the fenstrider witch. You burn the fenstrider witch.
The fenstrider witch gestures at you while chanting.
You block the toxic sludge. The goliath frog hits you from afar!
You are splashed with acid.
You resist.
You slice the fenstrider witch!! You burn the fenstrider witch!
The fenstrider witch is almost dead.
The fenstrider witch gestures at you while chanting.
You suddenly lose the ability to move!
The fenstrider witch hits you!
The fenstrider witch kicks you but does no damage.
The goliath frog hits you but does no damage.
The fenstrider witch gestures at you while chanting.
You barely resist. The goliath frog hits you from afar!
You are splashed with acid.
You resist. The fenstrider witch hits you!
The fenstrider witch kicks you but does no damage.
The goliath frog hits you from afar!
You die... 777 777

77777~. ...~ 7>..~~~
..~~~ 77..~~~
.~.~.777777777 777.~~
..~~..~7~.~~.7777 7.~/~
..~~~....~.....~7777.~.~
~.~~~./@.~~..~~...7.....
~....~H77?.~7~..~.%..~~(
~.¤.$F.¤~........~~..~~~
....~~~.7.~...........~~
...~~¤..~...###.###.~~~~
....~~.77...#./...#~~.(.
~..~~~. 7~.)#.....#¤~~7.
..~~~.. .7..#.... ...~~.
.. .~7777


You could see a fenstrider witch and a goliath frog.

Vanquished Creatures
  Gastronok (Lair:2)
  Agnes (D:14)
  A thorn hunter (Swamp:3)
  Roxanne (Swamp:2)
  Louise (D:14)
  An orc warlord (Orc:2)
  A stone giant (D:15)
  2 eleionomae (Swamp:3)
  Azrael (D:14)
  A minotaur (Gauntlet)
  3 bunyips
  A shambling mangrove (Swamp:1)
  Josephine (D:15)
  8 vault guards (D:14)
  An ice dragon (Lair:5)
  A ghost crab (Swamp:2)
  A merfolk avatar (Lair:5)
  6 centaur warriors
  10 hydras
  3 boulder beetles
  2 two-headed ogres
  2 tengu warriors (D:15)
  16 death yaks
  A hell hog (Gauntlet)
  4 alligators
  An orc high priest (Orc:2)
  2 skysharks (Lair:5)
  7 spriggans
  Amaemon (Lair:2)
  Nergalle (Lair:2)
  2 sea snakes (Lair:5)
  6 goliath frogs
  A bog body (Swamp:1)
  11 swamp dragons
  A harpy (Lair:5)
  5 orc knights
  14 ugly things
  2 deep elf zephyrmancers (Orc:2)
  A deep elf pyromancer (D:15)
  3 cyclopes
  2 orc sorcerers (Orc:2)
  3 will-o-the-wisps (Swamp:1)
  4 elephants (Lair:4)
  2 rust devils (D:14)
  3 black mambas
  Maurice (D:8)
  3 unseen horrors
  12 cane toads
  3 gargoyles
  2 smoke demons (D:14)
  3 centaur skeletons (D:12)
  A rime drake (D:8)
  A minotaur zombie (Gauntlet)
  4 orange demons
  Psyche (D:9)
  3 ice devils (D:14)
  4 kobold demonologists (D:13)
  A freezing wraith (D:15)
  An efreet (D:14)
  A red devil (D:14)
  10 komodo dragons
  7 trolls
  3 tyrant leeches (Swamp:1)
  5 polar bears
  8 blink frogs
  12 hornets
  16 dream sheep
  A raiju (Gauntlet)
  A centaur simulacrum (D:11)
  3 snapping turtles (Lair:5)
  A shadow (D:10)
  3 slime creatures (D:13)
  48 yaks
  7 wraiths
  4 wyverns
  4 basilisks
  3 fire bats (Gauntlet)
  3 fire elementals (D:14)
  3 steam dragons
  Eustachio (D:6)
  8 vampire mosquitoes
  3 chaos spawn (D:14)
  A neqoxec (D:14)
  5 wargs
  19 water moccasins
  7 swamp worms
  An acid dragon (D:9)
  6 hell hounds
  2 meliai simulacra
  37 orc warriors
  6 ice beasts
  3 swamp drakes
  4 black bears
  3 ogres
  7 boggarts
  28 wolves
  4 centaurs
  3 phantoms (D:7)
  2 kobold brigands (D:13)
  12 bullfrogs
  2 gnoll sergeants
  6 scorpions
  10 wights
  15 killer bees
  3 howler monkeys (D:11)
  3 electric eels
  21 orc priests
  5 hounds
  8 jellies
  An iron imp (Orc:2)
  A sleepcap (D:6)
  A boggart zombie (D:12)
  An iguana (D:4)
  39 orc wizards
  2 hell rats (Lair:4)
  4 gnolls (D:9)
  7 adders
  11 river rats (Lair:4)
  3 shadow imps
  7 white imps
  2 ufetubi
  A worm (D:3)
  3 dart slugs (D:1)
  133 orcs
  4 endoplasms
  2 giant cockroaches
  8 goblins
  7 hobgoblins
  4 jackals (D:3)
  7 quokkas
  8 ball pythons
  2 bats
  4 frilled lizards
  8 kobolds
  4 rats
835 creatures vanquished.

Vanquished Creatures (others)
  A goliath frog (Swamp:2)
  A bloated husk (Swamp:1)
  A tyrant leech (Swamp:2)
  A crimson imp (Orc:2)
  3 orcs (Orc:2)
  20 foxfires (Swamp:1)
27 creatures vanquished.

Grand Total: 862 creatures vanquished

Notes
Turn   | Place    | Note
-------+----------+-------------------------------------------
     0 | D:1      | qw the Gargoyle Fighter began the quest for the Orb.
     0 | D:1      | Reached XP level 1. HP: 14/14 MP: 1/1
     0 | D:1      | 0 ||| qw: Version: 0.2-a-108-gee2c290
     0 | D:1      | 0 ||| qw: Game counter: 1387
     0 | D:1      | 0 ||| qw: Always use a shield: true
     0 | D:1      | 0 ||| qw: God list: Okawaru
     0 | D:1      | 0 ||| qw: Allow faded altars: false
     0 | D:1      | 0 ||| qw: Do Orc after D:15 true
     0 | D:1      | 0 ||| qw: Do second Lair branch before Depths: true
     0 | D:1      | 0 ||| qw: Lair rune preference: random
     0 | D:1      | 0 ||| qw: Plans: Normal, Zot:1-4, Slime:5, God:TSO, Crypt,
                  | Tomb, Abyss, Pan, Hells, Win
     0 | D:1      | 0 ||| PLANNING D:1-11
    94 | D:1      | Reached skill level 2 in Axes
   150 | D:1      | 150 ||| Stepping ~*~*~tactically~*~*~ (hiding).
   266 | D:1      | 266 ||| Stepping ~*~*~tactically~*~*~ (hiding).
   272 | D:1      | Reached XP level 2. HP: 15/19 MP: 2/2
   292 | D:1      | 292 ||| Stepping ~*~*~tactically~*~*~ (hiding).
   294 | D:1      | 294 ||| Stepping ~*~*~tactically~*~*~ (hiding).
   474 | D:1      | 474 ||| Stepping ~*~*~tactically~*~*~ (stealth).
   548 | D:1      | Reached skill level 3 in Axes
   549 | D:1      | Reached XP level 3. HP: 17/23 MP: 3/3
   558 | D:1      | 558 ||| Stepping ~*~*~tactically~*~*~ (stealth).
   861 | D:1      | 861 ||| READING 3 scrolls labelled GEKOXK HYISOCE.
   862 | D:1      | 862 ||| READING scroll labelled OREAMI CORURAMYC.
   863 | D:1      | 863 ||| READING scroll labelled TIOHOSOEBA.
   864 | D:1      | 864 ||| READING scroll labelled KADARPH WYEFUG.
   865 | D:1      | 865 ||| READING 2 scrolls of identify.
   865 | D:1      | 865 ||| IDENTIFYING inky potion
  1565 | D:2      | Reached XP level 4. HP: 28/28 MP: 4/4
  1665 | D:2      | 1665 ||| UPGRADING to +0 pair of gloves.
  1670 | D:2      | 1670 ||| READING scroll labelled VOMMIG FADIAN.
  1671 | D:2      | 1671 ||| READING scroll labelled TAULUH ACWAXAB.
  1672 | D:2      | 1672 ||| READING 2 scrolls labelled DIB SEUSTROWA.
  1676 | D:2      | 1676 ||| READING scroll labelled QAENUXALACW.
  1677 | D:2      | 1677 ||| READING 3 scrolls of identify.
  1677 | D:2      | 1677 ||| IDENTIFYING bubbling black potion
  1678 | D:2      | 1678 ||| READING 2 scrolls of identify.
  1678 | D:2      | 1678 ||| IDENTIFYING lumpy emerald potion
  1679 | D:2      | 1679 ||| DROPPING potion of degeneration.
  1731 | D:3      | Found Voleyr's Distillery.
  1753 | D:3      | 1753 ||| BUYING 2 potions of curing (84 gold).
  1753 | D:3      | Bought 2 potions of curing for 84 gold pieces
  1753 | D:3      | 1753 ||| SHOPLISTING potion of cancellation (112 gold, have
                  | 31).
  1753 | D:3      | 1753 ||| SHOPLISTING potion of curing (42 gold, have 31).
  1753 | D:3      | 1753 ||| SHOPLISTING potion of haste (140 gold, have 31).
  1753 | D:3      | 1753 ||| SHOPLISTING potion of heal wounds (70 gold, have
                  | 31).
  1831 | D:3      | Found a faded altar of an unknown god.
  1842 | D:3      | 1842 ||| Stepping ~*~*~tactically~*~*~ (stealth).
  1845 | D:3      | 1845 ||| Stepping ~*~*~tactically~*~*~ (stealth).
  1846 | D:3      | 1846 ||| Stepping ~*~*~tactically~*~*~ (stealth).
  1849 | D:3      | 1849 ||| Stepping ~*~*~tactically~*~*~ (hiding).
  1850 | D:3      | 1850 ||| Stepping ~*~*~tactically~*~*~ (hiding).
  1852 | D:3      | 1852 ||| Stepping ~*~*~tactically~*~*~ (hiding).
  2028 | D:3      | Found Hiyforadd's Magic Scroll Shop.
  2036 | D:3      | 2036 ||| SHOPLISTING scroll of enchant armour (75 gold,
                  | have 31).
  2036 | D:3      | 2036 ||| BUYING scroll of identify (20 gold).
  2036 | D:3      | Bought a scroll of identify for 20 gold pieces
  2036 | D:3      | 2036 ||| SHOPLISTING scroll of identify (20 gold, have 11).
  2036 | D:3      | 2036 ||| SHOPLISTING scroll of teleportation (30 gold, have
                  | 11).
  2078 | D:3      | Reached skill level 4 in Axes
  2226 | D:3      | 2226 ||| Stepping ~*~*~tactically~*~*~ (stealth).
  2228 | D:3      | 2228 ||| Stepping ~*~*~tactically~*~*~ (stealth).
  2501 | D:3      | 2501 ||| UPGRADING to +0 helmet.
  2506 | D:3      | 2506 ||| UPGRADING to +0 plate armour.
  2516 | D:3      | 2516 ||| DROPPING +0 scale mail.
  2517 | D:3      | 2517 ||| UPGRADING to ring of protection from cold.
  2518 | D:3      | 2518 ||| READING scroll labelled SUSYR FEXYU.
  2537 | D:4      | 2537 ||| STAIRDANCE
  2558 | D:4      | Reached XP level 5. HP: 32/32 MP: 5/5
  2607 | D:4      | 2607 ||| Stepping ~*~*~tactically~*~*~ (stealth).
  2622 | D:4      | Reached skill level 5 in Axes
  2639 | D:4      | 2639 ||| DROPPING +0 mace.
  2666 | D:4      | Noticed an ogre
  2673 | D:4      | HP: 6/32 [ogre/+0 giant club (20)]
  2674 | D:4      | 2674 ||| READING scroll of teleportation.
  2677 | D:4      | Killed an ogre
  2678 | D:4      | Reached XP level 6. HP: 9/39 MP: 6/6
  2941 | D:4      | Noticed a black bear
  2943 | D:4      | 2943 ||| Stepping ~*~*~tactically~*~*~ (stealth).
  2956 | D:4      | Killed a black bear
  2957 | D:4      | Reached skill level 6 in Axes
  2957 | D:4      | Reached XP level 7. HP: 33/44 MP: 7/7
  2999 | D:4      | Found Byario's Antique Armour Shoppe.
  3017 | D:4      | 3017 ||| SHOPLISTING cloak (126 gold, have 90).
  3017 | D:4      | 3017 ||| SHOPLISTING pair of glowing boots (210 gold, have
                  | 90).
  3107 | D:4      | Found a runed translucent door.
  3108 | D:4      | Noticed Crazy Yiuf
  3143 | D:4      | Found a staircase to the Ecumenical Temple.
  3144 | D:4      | 3144 ||| PLANNING TEMPLE
  3163 | D:4      | 3163 ||| UPGRADING to amulet of the acrobat.
  3168 | D:4      | 3168 ||| READING scroll labelled YMPYM BELUKO.
  3169 | D:4      | 3169 ||| READING scroll labelled SOAR ZUJYZXI.
  3270 | D:4      | 3270 ||| READING scroll labelled FINWYSUHUA.
  3271 | D:4      | 3271 ||| READING scroll labelled HOCLOIP TETALA.
  3271 | D:4      | Identified a scroll of acquirement
  3271 | D:4      | 3271 ||| ACQUIRING +1 buckler of reflection
  3271 | D:4      | Acquired a +1 buckler of reflection
  3273 | D:4      | 3273 ||| UPGRADING to +1 buckler of reflection.
  3286 | D:4      | 3286 ||| UPGRADING to +1 buckler of reflection.
  3296 | D:4      | 3296 ||| DROPPING +0 buckler.
  3297 | D:4      | 3297 ||| READING 4 scrolls of identify.
  3297 | D:4      | 3297 ||| IDENTIFYING purple potion
  3310 | Temple   | Entered the Ecumenical Temple
  3310 | Temple   | Found a transporter.
  3310 | Temple   | Found a transporter.
  3312 | Temple   | Found a transporter.
  3312 | Temple   | Found a transporter.
  3322 | Temple   | 3322 ||| PLANNING D:1-11
  3441 | D:4      | Found a glowing silver altar of Zin.
  3488 | D:4      | 3488 ||| READING 3 scrolls of identify.
  3488 | D:4      | 3488 ||| IDENTIFYING fuming pink potion
  3489 | D:4      | 3489 ||| DROPPING potion of invisibility.
  3501 | D:5      | Entered Level 5 of the Dungeon
  3638 | D:5      | Found an iron altar of Okawaru.
  3639 | D:5      | 3639 ||| PLANNING OKAWARU WORSHIP
  3646 | D:5      | Became a worshipper of Warmaster Okawaru
  3646 | D:5      | 3646 ||| PLANNING D:1-11
  3657 | D:5      | Reached skill level 7 in Axes
  3740 | D:5      | Identified the +8 dagger "Seuxeigh" {heavy, rPois rF+
                  | Stlth-}
  3827 | D:5      | Reached XP level 8. HP: 49/49 MP: 8/8
  3927 | D:5      | Found Kixicvyi's Neck Hole.
  3938 | D:5      | 3938 ||| BUYING +0 cloak (58 gold).
  3938 | D:5      | Bought a +0 cloak for 58 gold pieces
  3938 | D:5      | 3938 ||| SHOPLISTING amulet of faith (520 gold, have 95).
  3938 | D:5      | 3938 ||| SHOPLISTING scarf of resistance (416 gold, have
                  | 95).
  3944 | D:5      | Reached * piety under Okawaru
  3945 | D:5      | Reached skill level 1 in Dodging
  4056 | D:5      | Reached skill level 1 in Invocations
  4087 | D:5      | Reached skill level 1 in Throwing
  4190 | D:5      | 4190 ||| Stepping ~*~*~tactically~*~*~ (stealth).
  4494 | D:5      | 4494 ||| UPGRADING to +0 cloak.
  4499 | D:5      | 4499 ||| DROPPING ring of magical power.
  4500 | D:5      | 4500 ||| READING 5 scrolls of identify.
  4500 | D:5      | 4500 ||| IDENTIFYING bubbling brown potion
  4501 | D:5      | 4501 ||| DROPPING potion of ambrosia.
  4559 | D:6      | 4559 ||| Stepping ~*~*~tactically~*~*~ (hiding).
  4563 | D:6      | 4563 ||| INVOKING Heroism.
  4564 | D:6      | 4564 ||| Stepping ~*~*~tactically~*~*~ (hiding).
  4581 | D:6      | 4581 ||| INVOKING Heroism.
  4582 | D:6      | 4582 ||| INVOKING Heroism.
  4590 | D:6      | 4590 ||| Stepping ~*~*~tactically~*~*~ (hiding).
  4609 | D:6      | 4609 ||| Stepping ~*~*~tactically~*~*~ (stealth).
  4624 | D:6      | 4624 ||| Stepping ~*~*~tactically~*~*~ (stealth).
  4625 | D:6      | 4625 ||| Stepping ~*~*~tactically~*~*~ (stealth).
  4626 | D:6      | Found the +1 Delatra's gloves {ID++}
  4649 | D:6      | 4649 ||| READING scroll of enchant weapon.
  4649 | D:6      | 4649 ||| ENCHANTING +1 war axe of protection.
  4693 | D:6      | Noticed Eustachio
  4705 | D:6      | Killed Eustachio
  4769 | D:6      | Reached skill level 3 in Invocations
  4778 | D:6      | 4778 ||| INVOKING Heroism.
  4781 | D:6      | Reached skill level 8 in Axes
  4821 | D:6      | 4821 ||| INVOKING Heroism.
  4829 | D:6      | Reached XP level 9. HP: 40/54 MP: 8/11
  5105 | D:6      | 5105 ||| INVOKING Heroism.
  5126 | D:6      | 5126 ||| INVOKING Heroism.
  5127 | D:6      | 5127 ||| Stepping ~*~*~tactically~*~*~ (cloud).
  5137 | D:6      | Reached skill level 6 in Fighting
  5260 | D:6      | 5260 ||| READING scroll of enchant weapon.
  5260 | D:6      | 5260 ||| ENCHANTING +2 war axe of protection.
  5630 | D:6      | 5630 ||| UPGRADING to +1 Delatra's gloves {ID++}.
  5640 | D:6      | 5640 ||| DROPPING +0 pair of gloves.
  5641 | D:6      | 5641 ||| READING 5 scrolls of identify.
  5641 | D:6      | 5641 ||| IDENTIFYING golden potion
  5697 | D:7      | 5697 ||| Stepping ~*~*~tactically~*~*~ (hiding).
  5980 | D:7      | 5980 ||| Stepping ~*~*~tactically~*~*~ (stealth).
  6007 | D:7      | 6007 ||| Stepping ~*~*~tactically~*~*~ (hiding).
  6008 | D:7      | 6008 ||| Stepping ~*~*~tactically~*~*~ (hiding).
  6036 | D:7      | 6036 ||| DROPPING +0 flail.
  6146 | D:7      | 6146 ||| INVOKING Heroism.
  6148 | D:7      | Reached skill level 9 in Axes
  6273 | D:7      | 6273 ||| Stepping ~*~*~tactically~*~*~ (stealth).
  6274 | D:7      | 6274 ||| Stepping ~*~*~tactically~*~*~ (stealth).
  6281 | D:7      | Reached skill level 6 in Armour
  6401 | D:7      | 6401 ||| Stepping ~*~*~tactically~*~*~ (hiding).
  6407 | D:7      | Reached ** piety under Okawaru
  6610 | D:7      | 6610 ||| UPGRADING to amulet of faith.
  6620 | D:7      | 6620 ||| READING scroll labelled XUCIBRETIC.
  6621 | D:7      | 6621 ||| READING 5 scrolls of identify.
  6621 | D:7      | 6621 ||| IDENTIFYING red potion
  6622 | D:7      | 6622 ||| DROPPING potion of brilliance.
  6685 | D:8      | 6685 ||| Stepping ~*~*~tactically~*~*~ (stealth).
  6686 | D:8      | 6686 ||| Stepping ~*~*~tactically~*~*~ (stealth).
  6698 | D:8      | 6698 ||| INVOKING Heroism.
  6698 | D:8      | Noticed a rime drake
  6711 | D:8      | Killed a rime drake
  6712 | D:8      | Reached XP level 10. HP: 50/64 MP: 11/13
  6726 | D:8      | Reached *** piety under Okawaru
  6727 | D:8      | 6727 ||| Stepping ~*~*~tactically~*~*~ (stealth).
  6728 | D:8      | 6728 ||| FLEEEEING.
  6800 | D:8      | 6800 ||| Stepping ~*~*~tactically~*~*~ (hiding).
  6801 | D:8      | 6801 ||| Stepping ~*~*~tactically~*~*~ (hiding).
  6802 | D:8      | 6802 ||| INVOKING Heroism.
  6810 | D:8      | 6810 ||| Stepping ~*~*~tactically~*~*~ (cloud).
  6815 | D:8      | Found a staircase to the Lair.
  6842 | D:8      | Found an ancient bone altar of Kikubaaqudgha.
  6876 | D:8      | Noticed Maurice
  6877 | D:8      | 6877 ||| Stepping ~*~*~tactically~*~*~ (hiding).
  6909 | D:8      | Reached skill level 10 in Axes
  6933 | D:8      | Killed Maurice
  7033 | D:8      | 7033 ||| Stepping ~*~*~tactically~*~*~ (stealth).
  7038 | D:8      | 7038 ||| Stepping ~*~*~tactically~*~*~ (hiding).
  7088 | D:8      | Found a bloodstained altar of Trog.
  7094 | D:8      | 7094 ||| INVOKING Heroism.
  7211 | D:8      | 7211 ||| INVOKING Heroism.
  7321 | D:8      | Reached **** piety under Okawaru
  7371 | D:8      | 7371 ||| Stepping ~*~*~tactically~*~*~ (stealth).
  7462 | D:8      | 7462 ||| INVOKING Heroism.
  7640 | D:8      | 7640 ||| Stepping ~*~*~tactically~*~*~ (hiding).
  7644 | D:8      | Found a burning altar of Makhleb.
  7683 | D:8      | Found a blossoming altar of Fedhas.
  7833 | D:8      | 7833 ||| Stepping ~*~*~tactically~*~*~ (stealth).
  7835 | D:8      | 7835 ||| Stepping ~*~*~tactically~*~*~ (hiding).
  7848 | D:8      | 7848 ||| DRINKING 13 potions of curing.
  7848 | D:8      | 7848 ||| (to cure confusion)
  7850 | D:8      | 7850 ||| FLEEEEING.
  7851 | D:8      | 7851 ||| FLEEEEING.
  7852 | D:8      | 7852 ||| FLEEEEING.
  7853 | D:8      | 7853 ||| FLEEEEING.
  7854 | D:8      | 7854 ||| FLEEEEING.
  7856 | D:8      | 7856 ||| FLEEEEING.
  7857 | D:8      | 7857 ||| FLEEEEING.
  8057 | D:8      | Found a snail-covered altar of Cheibriados.
  8058 | D:8      | 8058 ||| PLANNING LAIR
  8058 | D:8      | 8058 ||| READING scroll labelled GUCWAO BOSCHE.
  8117 | Lair:1   | Entered Level 1 of the Lair of Beasts
  8140 | Lair:1   | Received a gift from Okawaru
  8141 | Lair:1   | Reached skill level 6 in Invocations
  8142 | Lair:1   | 8142 ||| INVOKING Heroism.
  8157 | Lair:1   | Reached XP level 11. HP: 55/68 MP: 13/15
  8264 | Lair:1   | 8264 ||| INVOKING Heroism.
  8381 | Lair:1   | 8381 ||| INVOKING Heroism.
  8390 | Lair:1   | Received a gift from Okawaru
  8391 | Lair:1   | Reached skill level 11 in Axes
  8399 | Lair:1   | Reached ***** piety under Okawaru
  8601 | Lair:1   | Noticed a boulder beetle
  8602 | Lair:1   | 8602 ||| INVOKING Heroism.
  8628 | Lair:1   | 8628 ||| INVOKING Heroism.
  8649 | Lair:1   | Killed a boulder beetle
  8846 | Lair:1   | 8846 ||| INVOKING Heroism.
  9039 | Lair:1   | 9039 ||| INVOKING Heroism.
  9383 | Lair:1   | 9383 ||| UPGRADING to ring of willpower.
  9410 | Lair:2   | Found a staircase to the Swamp.
  9411 | Lair:2   | Noticed Nergalle
  9412 | Lair:2   | 9412 ||| INVOKING Heroism.
  9432 | Lair:2   | Killed Nergalle
  9460 | Lair:2   | 9460 ||| INVOKING Heroism.
  9492 | Lair:2   | 9492 ||| FLEEEEING.
  9493 | Lair:2   | 9493 ||| STAIRDANCE
  9612 | Lair:2   | 9612 ||| INVOKING Heroism.
  9618 | Lair:2   | Reached skill level 9 in Fighting
  9676 | Lair:2   | Reached skill level 9 in Invocations
  9689 | Lair:2   | Noticed Gastronok
  9690 | Lair:2   | 9690 ||| Stepping ~*~*~tactically~*~*~ (hiding).
  9693 | Lair:2   | 9693 ||| Stepping ~*~*~tactically~*~*~ (hiding).
  9703 | Lair:2   | 9703 ||| INVOKING Heroism.
  9721 | Lair:2   | Killed Gastronok
  9777 | Lair:2   | 9777 ||| FLEEEEING.
  9858 | Lair:2   | 9858 ||| Stepping ~*~*~tactically~*~*~ (stealth).
  9860 | Lair:2   | 9860 ||| Stepping ~*~*~tactically~*~*~ (stealth).
  9959 | Lair:2   | Noticed Amaemon
  9960 | Lair:2   | 9960 ||| INVOKING Heroism.
  9982 | Lair:2   | Killed Amaemon
  9991 | Lair:2   | Reached XP level 12. HP: 69/76 MP: 19/19
 10013 | Lair:2   | 10013 ||| DROPPING +0 morningstar.
 10077 | Lair:2   | 10077 ||| INVOKING Heroism.
 10133 | Lair:2   | Received a gift from Okawaru
 10135 | Lair:2   | 10135 ||| DROPPING -1 demon whip of venom.
 10186 | Lair:2   | Found a hole to the Spider Nest.
 10296 | Lair:2   | 10296 ||| INVOKING Heroism.
 10370 | Lair:2   | 10370 ||| INVOKING Heroism.
 10385 | Lair:2   | Reached skill level 12 in Axes
 10662 | Lair:2   | 10662 ||| DRINKING 3 yellow potions.
 10691 | Lair:3   | 10691 ||| INVOKING Heroism.
 10836 | Lair:3   | 10836 ||| READING scroll of enchant armour.
 10836 | Lair:3   | 10836 ||| ENCHANTING +0 helmet.
 10840 | Lair:3   | 10840 ||| Stepping ~*~*~tactically~*~*~ (stealth).
 10840 | Lair:3   | Noticed a death yak
 10840 | Lair:3   | Noticed a death yak
 10840 | Lair:3   | Noticed a death yak
 10841 | Lair:3   | 10841 ||| INVOKING Heroism.
 10842 | Lair:3   | 10842 ||| INVOKING Finesse.
 10844 | Lair:3   | 10844 ||| Stepping ~*~*~tactically~*~*~ (stealth).
 10844 | Lair:3   | Noticed a death yak
 10856 | Lair:3   | Killed a death yak
 10857 | Lair:3   | Reached skill level 9 in Armour
 10859 | Lair:3   | Killed a death yak
 10863 | Lair:3   | Killed a death yak
 10866 | Lair:3   | Received a gift from Okawaru
 10867 | Lair:3   | Reached skill level 6 in Shields
 10872 | Lair:3   | Killed a death yak
 10920 | Lair:3   | 10920 ||| Stepping ~*~*~tactically~*~*~ (stealth).
 11028 | Lair:3   | 11028 ||| INVOKING Heroism.
 11032 | Lair:3   | 11032 ||| Stepping ~*~*~tactically~*~*~ (water).
 11079 | Lair:3   | 11079 ||| Stepping ~*~*~tactically~*~*~ (stealth).
 11080 | Lair:3   | 11080 ||| Stepping ~*~*~tactically~*~*~ (stealth).
 11335 | Lair:3   | 11335 ||| INVOKING Heroism.
 11340 | Lair:3   | 11340 ||| Stepping ~*~*~tactically~*~*~ (stealth).
 11412 | Lair:3   | 11412 ||| Stepping ~*~*~tactically~*~*~ (stealth).
 11413 | Lair:3   | 11413 ||| Stepping ~*~*~tactically~*~*~ (stealth).
 11871 | Lair:3   | Noticed an alligator
 11872 | Lair:3   | 11872 ||| Stepping ~*~*~tactically~*~*~ (stealth).
 11874 | Lair:3   | 11874 ||| INVOKING Heroism.
 11884 | Lair:3   | 11884 ||| READING 10 scrolls of identify.
 11884 | Lair:3   | 11884 ||| IDENTIFYING green potion
 11889 | Lair:3   | Killed an alligator
 11890 | Lair:3   | Reached skill level 13 in Axes
 12106 | Lair:3   | 12106 ||| Stepping ~*~*~tactically~*~*~ (stealth).
 12112 | Lair:3   | 12112 ||| INVOKING Heroism.
 12259 | Lair:4   | 12259 ||| Stepping ~*~*~tactically~*~*~ (stealth).
 12320 | Lair:4   | 12320 ||| Stepping ~*~*~tactically~*~*~ (stealth).
 12324 | Lair:4   | 12324 ||| Stepping ~*~*~tactically~*~*~ (stealth).
 12340 | Lair:4   | Reached XP level 13. HP: 72/82 MP: 20/20
 12342 | Lair:4   | 12342 ||| FLEEEEING.
 12343 | Lair:4   | 12343 ||| FLEEEEING.
 12344 | Lair:4   | 12344 ||| FLEEEEING.
 12345 | Lair:4   | 12345 ||| FLEEEEING.
 12397 | Lair:4   | 12397 ||| Stepping ~*~*~tactically~*~*~ (stealth).
 12400 | Lair:4   | 12400 ||| Stepping ~*~*~tactically~*~*~ (stealth).
 12494 | Lair:4   | You fall into a shaft and drop 1 floor!
 12494 | Lair:5   | Entered Level 5 of the Lair of Beasts
 12495 | Lair:5   | 12495 ||| INVOKING Heroism.
 12527 | Lair:5   | 12527 ||| Stepping ~*~*~tactically~*~*~ (stealth).
 12674 | Lair:5   | Noticed an ice dragon
 12675 | Lair:5   | 12675 ||| INVOKING Heroism.
 12676 | Lair:5   | 12676 ||| INVOKING Finesse.
 12686 | Lair:5   | 12686 ||| SWAPPING to +2 war axe of flaming.
 12687 | Lair:5   | 12687 ||| Stepping ~*~*~tactically~*~*~ (water).
 12691 | Lair:5   | 12691 ||| SWAPPING to +3 war axe of protection.
 12693 | Lair:5   | 12693 ||| SWAPPING to +2 war axe of flaming.
 12696 | Lair:5   | Killed an ice dragon
 12699 | Lair:5   | 12699 ||| SWAPPING to +3 war axe of protection.
 12722 | Lair:5   | 12722 ||| Stepping ~*~*~tactically~*~*~ (stealth).
 12820 | Lair:5   | 12820 ||| Stepping ~*~*~tactically~*~*~ (stealth).
 12840 | Lair:5   | Reached skill level 14 in Axes
 12922 | Lair:5   | 12922 ||| INVOKING Heroism.
 12924 | Lair:5   | Received a gift from Okawaru
 13015 | Lair:5   | 13015 ||| SWAPPING to +3 broad axe of flaming.
 13016 | Lair:5   | 13016 ||| DROPPING +2 war axe of flaming.
 13017 | Lair:5   | 13017 ||| DROPPING +3 war axe of protection.
 13025 | Lair:5   | 13025 ||| INVOKING Heroism.
 13026 | Lair:5   | 13026 ||| Stepping ~*~*~tactically~*~*~ (water).
 13028 | Lair:5   | 13028 ||| INVOKING Finesse.
 13063 | Lair:5   | 13063 ||| Stepping ~*~*~tactically~*~*~ (water).
 13077 | Lair:5   | 13077 ||| INVOKING Heroism.
 13378 | Lair:4   | 13378 ||| INVOKING Heroism.
 13444 | Lair:4   | 13444 ||| INVOKING Heroism.
 13447 | Lair:4   | Received a gift from Okawaru
 13826 | Lair:4   | 13826 ||| UPGRADING to +2 pair of boots of rampaging.
 13831 | Lair:4   | 13831 ||| READING 9 scrolls of identify.
 13831 | Lair:4   | 13831 ||| IDENTIFYING coppery potion
 13896 | Lair:5   | 13896 ||| FLEEEEING.
 13897 | Lair:5   | 13897 ||| FLEEEEING.
 13898 | Lair:5   | 13898 ||| FLEEEEING.
 13899 | Lair:5   | 13899 ||| STAIRDANCE
 13931 | Lair:5   | 13931 ||| STAIRDANCE
 13970 | Lair:5   | 13970 ||| STAIRDANCE
 14077 | Lair:5   | 14077 ||| STAIRDANCE
 14106 | Lair:5   | 14106 ||| INVOKING Heroism.
 14195 | Lair:5   | Found a staircase to the Slime Pits.
 14202 | Lair:5   | 14202 ||| INVOKING Heroism.
 14203 | Lair:5   | 14203 ||| INVOKING Finesse.
 14225 | Lair:5   | Gained mutation: Your large and strong wings let you fly.
                  | [Gargoyle growth]
 14225 | Lair:5   | Reached XP level 14. HP: 66/90 MP: 15/21
 14227 | Lair:5   | Reached skill level 15 in Axes
 14419 | Lair:5   | 14419 ||| INVOKING Heroism.
 14420 | Lair:5   | 14420 ||| INVOKING Finesse.
 14421 | Lair:5   | 14421 ||| Stepping ~*~*~tactically~*~*~ (stealth).
 14432 | Lair:5   | Reached skill level 12 in Fighting
 14523 | Lair:5   | 14523 ||| Stepping ~*~*~tactically~*~*~ (stealth).
 14535 | Lair:5   | 14535 ||| INVOKING Heroism.
 14716 | Lair:5   | 14716 ||| Stepping ~*~*~tactically~*~*~ (hiding).
 14883 | Lair:5   | 14883 ||| Stepping ~*~*~tactically~*~*~ (stealth).
 14885 | Lair:5   | 14885 ||| Stepping ~*~*~tactically~*~*~ (stealth).
 14887 | Lair:5   | 14887 ||| INVOKING Heroism.
 14888 | Lair:5   | 14888 ||| INVOKING Finesse.
 14905 | Lair:5   | Reached skill level 12 in Armour
 14910 | Lair:5   | Received a gift from Okawaru
 14988 | Lair:5   | Found a viscous altar of Jiyva.
 15032 | Lair:5   | 15032 ||| INVOKING Heroism.
 15187 | Lair:5   | 15187 ||| INVOKING Heroism.
 15311 | Lair:5   | 15311 ||| PLANNING D:1-11
 15311 | Lair:5   | 15311 ||| READING scroll labelled TENKINAIGG.
 15312 | Lair:5   | 15312 ||| READING 8 scrolls of identify.
 15312 | Lair:5   | 15312 ||| IDENTIFYING fizzy golden potion
 15606 | D:9      | Noticed Psyche
 15613 | D:9      | Killed Psyche
 15697 | D:9      | 15697 ||| Stepping ~*~*~tactically~*~*~ (hiding).
 15698 | D:9      | 15698 ||| Stepping ~*~*~tactically~*~*~ (hiding).
 15717 | D:9      | 15717 ||| INVOKING Heroism.
 15717 | D:9      | HP: 20/92 [gnoll sergeant/+1 spear of distortion (22)]
 15718 | D:9      | 15718 ||| READING 7 scrolls of teleportation.
 15719 | D:9      | 15719 ||| DRINKING 6 potions of heal wounds.
 15854 | D:9      | 15854 ||| Stepping ~*~*~tactically~*~*~ (hiding).
 15989 | D:9      | 15989 ||| INVOKING Heroism.
 16176 | D:9      | 16176 ||| Stepping ~*~*~tactically~*~*~ (hiding).
 16318 | D:9      | 16318 ||| DRINKING 2 silvery potions.
 16319 | D:9      | 16319 ||| DROPPING potion of flight.
 16331 | D:10     | Entered Level 10 of the Dungeon
 16343 | D:10     | 16343 ||| STAIRDANCE
 16399 | D:10     | Found a hide-covered altar of Uskayaw.
 16444 | D:10     | 16444 ||| Stepping ~*~*~tactically~*~*~ (stealth).
 16599 | D:10     | 16599 ||| Stepping ~*~*~tactically~*~*~ (hiding).
 16792 | D:10     | 16792 ||| FLEEEEING.
 16793 | D:10     | 16793 ||| FLEEEEING.
 17090 | D:10     | Found a stormy altar of Qazlal.
 17122 | D:10     | Found a staircase to the Orcish Mines.
 17228 | D:10     | 17228 ||| UPGRADING to +6 ring of dexterity.
 17306 | D:11     | Reached skill level 3 in Dodging
 17345 | D:11     | Received a gift from Okawaru
 17521 | D:11     | Found a transporter.
 17526 | D:11     | 17526 ||| Stepping ~*~*~tactically~*~*~ (stealth).
 17528 | D:11     | 17528 ||| Stepping ~*~*~tactically~*~*~ (hiding).
 17545 | D:11     | Identified the +1 mace of Contradiction {drain, Contam Fly
                  | rPois Int+9 Stlth-}
 17594 | D:11     | 17594 ||| INVOKING Heroism.
 17663 | D:11     | 17663 ||| READING scroll of enchant weapon.
 17663 | D:11     | 17663 ||| ENCHANTING +3 broad axe of flaming.
 17740 | D:11     | Found a transporter.
 18177 | D:11     | 18177 ||| PLANNING D
 18177 | D:11     | 18177 ||| DRINKING 2 fuming grey potions.
 18206 | D:12     | 18206 ||| PLANNING GAUNTLET
 18214 | D:12     | 18214 ||| INVOKING Heroism.
 18402 | D:12     | Found Lenie's Armour Boutique.
 18530 | D:12     | Reached skill level 16 in Axes
 18673 | D:12     | Found a gate leading to a gauntlet.
 18674 | D:12     | 18674 ||| READING scroll labelled QANAMU ASAKK.
 18683 | Gauntlet | Entered a Gauntlet
 18683 | Gauntlet | Found a transporter.
 18683 | Gauntlet | Found a transporter.
 18695 | Gauntlet | Found a transporter.
 18698 | Gauntlet | Found a transporter.
 18707 | Gauntlet | Found a transporter.
 18709 | Gauntlet | Found a transporter.
 18721 | Gauntlet | Found a transporter.
 18734 | Gauntlet | Found a transporter.
 18757 | Gauntlet | Found a transporter.
 18759 | Gauntlet | Found a transporter.
 18769 | Gauntlet | Found a transporter.
 18771 | Gauntlet | Found a transporter.
 18877 | Gauntlet | 18877 ||| READING scroll of enchant armour.
 18877 | Gauntlet | 18877 ||| ENCHANTING +1 helmet.
 18940 | Gauntlet | 18940 ||| INVOKING Heroism.
 18941 | Gauntlet | 18941 ||| INVOKING Finesse.
 18960 | Gauntlet | Reached XP level 15. HP: 74/96 MP: 15/22
 19042 | Gauntlet | Identified the staff of poison "Ustruas" {rPois Int+3}
 19043 | Gauntlet | 19043 ||| UPGRADING to +2 cloak of preservation.
 19053 | Gauntlet | 19053 ||| DROPPING +0 cloak.
 19110 | Gauntlet | 19110 ||| Stepping ~*~*~tactically~*~*~ (stealth).
 19112 | Gauntlet | 19112 ||| Stepping ~*~*~tactically~*~*~ (hiding).
 19114 | Gauntlet | 19114 ||| INVOKING Heroism.
 19128 | Gauntlet | Identified the +5 spear "Mutaucix" {flame, rElec rPois rN++
                  | Str-2}
 19128 | Gauntlet | Identified the ring "Byasukit" {*Slow rF+ Slay+4 SInv}
 19165 | Gauntlet | 19165 ||| DROPPING ring of willpower.
 19166 | Gauntlet | 19166 ||| UPGRADING to ring "Byasukit" {*Slow rF+ Slay+4
                  | SInv}.
 19168 | Gauntlet | 19168 ||| UPGRADING to ring of protection from cold.
 19180 | D:12     | 19180 ||| PLANNING D
 19756 | D:13     | 19756 ||| INVOKING Heroism.
 19757 | D:13     | 19757 ||| INVOKING Finesse.
 19762 | D:13     | 19762 ||| Stepping ~*~*~tactically~*~*~ (hiding).
 19808 | D:13     | 19808 ||| Stepping ~*~*~tactically~*~*~ (hiding).
 19809 | D:13     | 19809 ||| Stepping ~*~*~tactically~*~*~ (hiding).
 19819 | D:13     | 19819 ||| Stepping ~*~*~tactically~*~*~ (hiding).
 19828 | D:13     | 19828 ||| Stepping ~*~*~tactically~*~*~ (stealth).
 19829 | D:13     | 19829 ||| Stepping ~*~*~tactically~*~*~ (stealth).
 19831 | D:13     | 19831 ||| INVOKING Heroism.
 19832 | D:13     | 19832 ||| INVOKING Finesse.
 19865 | D:13     | 19865 ||| Stepping ~*~*~tactically~*~*~ (stealth).
 19899 | D:13     | 19899 ||| Stepping ~*~*~tactically~*~*~ (hiding).
 19904 | D:13     | Reached skill level 3 in Throwing
 19938 | D:13     | 19938 ||| Stepping ~*~*~tactically~*~*~ (hiding).
 20080 | D:13     | 20080 ||| INVOKING Heroism.
 20204 | D:13     | 20204 ||| Stepping ~*~*~tactically~*~*~ (hiding).
 20205 | D:13     | 20205 ||| Stepping ~*~*~tactically~*~*~ (hiding).
 20268 | D:13     | 20268 ||| Stepping ~*~*~tactically~*~*~ (stealth).
 20271 | D:13     | 20271 ||| Stepping ~*~*~tactically~*~*~ (hiding).
 20322 | D:13     | Found Axaubrao's General Store.
 20330 | D:13     | 20330 ||| BUYING potion of lignification (36 gold).
 20330 | D:13     | Bought a potion of lignification for 36 gold pieces
 20883 | D:13     | 20883 ||| DROPPING +2 pair of boots.
 20907 | D:14     | 20907 ||| INVOKING Heroism.
 20908 | D:14     | 20908 ||| INVOKING Finesse.
 21014 | D:14     | 21014 ||| Stepping ~*~*~tactically~*~*~ (stealth).
 21017 | D:14     | 21017 ||| Stepping ~*~*~tactically~*~*~ (stealth).
 21045 | D:14     | Found a gate to the Vaults.
 21053 | D:14     | 21053 ||| INVOKING Heroism.
 21075 | D:14     | Received a gift from Okawaru
 21136 | D:14     | 21136 ||| FLEEEEING.
 21137 | D:14     | 21137 ||| FLEEEEING.
 21138 | D:14     | 21138 ||| FLEEEEING.
 21139 | D:14     | 21139 ||| STAIRDANCE
 21175 | D:14     | Reached skill level 17 in Axes
 21249 | D:14     | Noticed Agnes
 21250 | D:14     | 21250 ||| INVOKING Heroism.
 21251 | D:14     | 21251 ||| INVOKING Finesse.
 21259 | D:14     | Killed Agnes
 21259 | D:14     | Received a gift from Okawaru
 21266 | D:14     | Noticed Louise
 21267 | D:14     | 21267 ||| Stepping ~*~*~tactically~*~*~ (hiding).
 21268 | D:14     | 21268 ||| Stepping ~*~*~tactically~*~*~ (hiding).
 21274 | D:14     | 21274 ||| INVOKING Finesse.
 21292 | D:14     | Killed Louise
 21293 | D:14     | Reached skill level 6 in Throwing
 21293 | D:14     | 21293 ||| Stepping ~*~*~tactically~*~*~ (hiding).
 21350 | D:14     | 21350 ||| READING scroll of enchant armour.
 21350 | D:14     | 21350 ||| ENCHANTING +0 plate armour.
 21371 | D:14     | Noticed Azrael
 21372 | D:14     | 21372 ||| INVOKING Heroism.
 21373 | D:14     | 21373 ||| INVOKING Finesse.
 21395 | D:14     | Killed Azrael
 21634 | D:14     | 21634 ||| INVOKING Heroism.
 21825 | D:14     | Identified the +7 ring mail of Impermeability {rPois rCorr}
 21869 | D:14     | 21869 ||| Stepping ~*~*~tactically~*~*~ (hiding).
 22036 | D:14     | 22036 ||| DROPPING +0 acid dragon scales.
 22037 | D:14     | 22037 ||| UPGRADING to +0 kite shield.
 22047 | D:14     | 22047 ||| DROPPING +1 buckler of reflection.
 22048 | D:14     | 22048 ||| UPGRADING to +0 tower shield.
 22058 | D:14     | 22058 ||| DROPPING +0 kite shield.
 22059 | D:14     | 22059 ||| DROPPING scarf of repulsion.
 22102 | D:15     | Entered Level 15 of the Dungeon
 22373 | D:15     | Identified the +4 ring mail "Roenlim" {Will+}
 22546 | D:15     | Noticed Josephine
 22554 | D:15     | Killed Josephine
 22572 | D:15     | 22572 ||| Stepping ~*~*~tactically~*~*~ (hiding).
 22574 | D:15     | 22574 ||| Stepping ~*~*~tactically~*~*~ (hiding).
 22689 | D:15     | Identified the +8 scimitar of the Briny Deep {protect,
                  | Str+2 Dex+3}
 22737 | D:15     | 22737 ||| Stepping ~*~*~tactically~*~*~ (stealth).
 22749 | D:15     | Reached skill level 9 in Shields
 22897 | D:15     | 22897 ||| FLEEEEING.
 22898 | D:15     | 22898 ||| FLEEEEING.
 22900 | D:15     | 22900 ||| FLEEEEING.
 22901 | D:15     | 22901 ||| FLEEEEING.
 22902 | D:15     | 22902 ||| FLEEEEING.
 22903 | D:15     | 22903 ||| FLEEEEING.
 22904 | D:15     | 22904 ||| FLEEEEING.
 22909 | D:15     | 22909 ||| FLEEEEING.
 23022 | D:15     | Reached XP level 16. HP: 103/103 MP: 23/23
 23024 | D:15     | Found a staircase to the Depths.
 23025 | D:15     | 23025 ||| INVOKING Heroism.
 23042 | D:15     | 23042 ||| PLANNING ORC
 23042 | D:15     | 23042 ||| DROPPING amulet of the acrobat.
 23145 | Orc:1    | Entered Level 1 of the Orcish Mines
 23261 | Orc:1    | 23261 ||| Stepping ~*~*~tactically~*~*~ (stealth).
 23273 | Orc:1    | Received a gift from Okawaru
 23277 | Orc:1    | 23277 ||| Stepping ~*~*~tactically~*~*~ (stealth).
 23279 | Orc:1    | 23279 ||| Stepping ~*~*~tactically~*~*~ (stealth).
 23281 | Orc:1    | 23281 ||| INVOKING Heroism.
 23285 | Orc:1    | 23285 ||| Stepping ~*~*~tactically~*~*~ (stealth).
 23296 | Orc:1    | 23296 ||| Stepping ~*~*~tactically~*~*~ (stealth).
 23413 | Orc:1    | 23413 ||| Stepping ~*~*~tactically~*~*~ (hiding).
 23422 | Orc:1    | 23422 ||| Stepping ~*~*~tactically~*~*~ (hiding).
 23783 | Orc:1    | 23783 ||| UPGRADING to +0 plate armour of fire resistance.
 23805 | Orc:2    | Entered Level 2 of the Orcish Mines
 23958 | Orc:2    | 23958 ||| Stepping ~*~*~tactically~*~*~ (stealth).
 23960 | Orc:2    | 23960 ||| Stepping ~*~*~tactically~*~*~ (stealth).
 23971 | Orc:2    | 23971 ||| Stepping ~*~*~tactically~*~*~ (hiding).
 23972 | Orc:2    | 23972 ||| INVOKING Heroism.
 24085 | Orc:2    | 24085 ||| INVOKING Heroism.
 24112 | Orc:2    | 24112 ||| Stepping ~*~*~tactically~*~*~ (hiding).
 24113 | Orc:2    | 24113 ||| Stepping ~*~*~tactically~*~*~ (hiding).
 24114 | Orc:2    | 24114 ||| Stepping ~*~*~tactically~*~*~ (hiding).
 24115 | Orc:2    | 24115 ||| Stepping ~*~*~tactically~*~*~ (hiding).
 24116 | Orc:2    | 24116 ||| Stepping ~*~*~tactically~*~*~ (hiding).
 24165 | Orc:2    | 24165 ||| FLEEEEING.
 24372 | Orc:2    | 24372 ||| INVOKING Heroism.
 24375 | Orc:2    | 24375 ||| Stepping ~*~*~tactically~*~*~ (hiding).
 24380 | Orc:2    | 24380 ||| Stepping ~*~*~tactically~*~*~ (hiding).
 24412 | Orc:2    | 24412 ||| INVOKING Finesse.
 24478 | Orc:2    | 24478 ||| Stepping ~*~*~tactically~*~*~ (stealth).
 24481 | Orc:2    | 24481 ||| Stepping ~*~*~tactically~*~*~ (hiding).
 24482 | Orc:2    | 24482 ||| Stepping ~*~*~tactically~*~*~ (hiding).
 24611 | Orc:2    | Found a staircase to the Elven Halls.
 24615 | Orc:2    | 24615 ||| Stepping ~*~*~tactically~*~*~ (stealth).
 24616 | Orc:2    | 24616 ||| INVOKING Heroism.
 24659 | Orc:2    | 24659 ||| Stepping ~*~*~tactically~*~*~ (hiding).
 24776 | Orc:2    | 24776 ||| Stepping ~*~*~tactically~*~*~ (hiding).
 24834 | Orc:2    | Found Ezoik's Jewellery Emporium.
 24839 | Orc:2    | 24839 ||| BUYING +6 ring of dexterity (612 gold).
 24839 | Orc:2    | Bought a +6 ring of dexterity for 612 gold pieces
 24839 | Orc:2    | 24839 ||| BUYING ring of ice (425 gold).
 24839 | Orc:2    | Bought a ring of ice for 425 gold pieces
 24839 | Orc:2    | 24839 ||| BUYING ring of protection from cold (425 gold).
 24839 | Orc:2    | Bought a ring of protection from cold for 425 gold pieces
 24839 | Orc:2    | 24839 ||| BUYING ring of resist corrosion (340 gold).
 24839 | Orc:2    | Bought a ring of resist corrosion for 340 gold pieces
 24977 | Orc:2    | Found Wosinna's Armour Shop.
 24978 | Orc:2    | 24978 ||| INVOKING Heroism.
 24995 | Orc:2    | 24995 ||| SHOPLISTING +0 crystal plate armour (1200 gold,
                  | have 846).
 24995 | Orc:2    | 24995 ||| BUYING +6 chain mail "Bajet" {Harm rElec} (727
                  | gold).
 24995 | Orc:2    | Bought the +6 chain mail "Bajet" {Harm rElec} for 727 gold
                  | pieces
 25029 | Orc:2    | Reached skill level 12 in Shields
 25136 | Orc:2    | Found Ifyh's Antique Armour Shoppe.
 25138 | Orc:2    | Found Tierhieg's Antique Weapon Emporium.
 25145 | Orc:2    | 25145 ||| SHOPLISTING glowing chain mail (195 gold, have
                  | 119).
 25151 | Orc:2    | 25151 ||| SHOPLISTING glowing war axe (162 gold, have 119).
 25198 | Orc:2    | 25198 ||| PLANNING SWAMP:1-3
 25198 | Orc:2    | 25198 ||| DROPPING +1 hat.
 25199 | Orc:2    | 25199 ||| DROPPING +2 hat.
 25200 | Orc:2    | 25200 ||| DROPPING +2 hat.
 25201 | Orc:2    | 25201 ||| DROPPING ring of ice.
 25336 | Swamp:1  | Entered Level 1 of the Swamp
 25358 | Swamp:1  | 25358 ||| INVOKING Heroism.
 25370 | Swamp:1  | Received a gift from Okawaru
 25373 | Swamp:1  | HP: 19/103 [spriggan rider/+0 spear (8)]
 25374 | Swamp:1  | 25374 ||| READING 7 scrolls of teleportation.
 25375 | Swamp:1  | 25375 ||| DRINKING 6 potions of heal wounds.
 25377 | Swamp:1  | 25377 ||| DRINKING 5 potions of heal wounds.
 25380 | Swamp:1  | 25380 ||| INVOKING Heroism.
 25388 | Swamp:1  | HP: 23/103 [goliath frog (13)]
 25389 | Swamp:1  | 25389 ||| READING 6 scrolls of teleportation.
 25390 | Swamp:1  | 25390 ||| DRINKING 4 potions of heal wounds.
 25650 | Swamp:1  | 25650 ||| Stepping ~*~*~tactically~*~*~ (stealth).
 25651 | Swamp:1  | 25651 ||| Stepping ~*~*~tactically~*~*~ (stealth).
 25673 | Swamp:1  | Received a gift from Okawaru
 25677 | Swamp:1  | 25677 ||| Stepping ~*~*~tactically~*~*~ (hiding).
 25679 | Swamp:1  | 25679 ||| INVOKING Heroism.
 25703 | Swamp:1  | Received a gift from Okawaru
 25827 | Swamp:1  | 25827 ||| Stepping ~*~*~tactically~*~*~ (hiding).
 25829 | Swamp:1  | 25829 ||| Stepping ~*~*~tactically~*~*~ (hiding).
 25830 | Swamp:1  | 25830 ||| Stepping ~*~*~tactically~*~*~ (hiding).
 25832 | Swamp:1  | 25832 ||| INVOKING Heroism.
 25844 | Swamp:1  | Received a gift from Okawaru
 26011 | Swamp:1  | 26011 ||| Stepping ~*~*~tactically~*~*~ (hiding).
 26013 | Swamp:1  | 26013 ||| Stepping ~*~*~tactically~*~*~ (hiding).
 26043 | Swamp:1  | 26043 ||| INVOKING Heroism.
 26202 | Swamp:1  | 26202 ||| INVOKING Heroism.
 26295 | Swamp:1  | Found a runed translucent door.
 26395 | Swamp:2  | 26395 ||| INVOKING Heroism.
 26417 | Swamp:2  | Received a gift from Okawaru
 26418 | Swamp:2  | 26418 ||| Stepping ~*~*~tactically~*~*~ (cloud).
 26566 | Swamp:2  | 26566 ||| Stepping ~*~*~tactically~*~*~ (hiding).
 26571 | Swamp:2  | 26571 ||| INVOKING Heroism.
 26728 | Swamp:2  | 26728 ||| READING scroll of enchant weapon.
 26728 | Swamp:2  | 26728 ||| ENCHANTING +4 broad axe of flaming.
 26743 | Swamp:2  | 26743 ||| Stepping ~*~*~tactically~*~*~ (hiding).
 26809 | Swamp:2  | 26809 ||| Stepping ~*~*~tactically~*~*~ (hiding).
 26810 | Swamp:2  | 26810 ||| Stepping ~*~*~tactically~*~*~ (hiding).
 26811 | Swamp:2  | 26811 ||| INVOKING Heroism.
 26913 | Swamp:2  | Identified Roxanne's Incunabulum of Quicksand
 26913 | Swamp:2  | Noticed Roxanne
 26914 | Swamp:2  | 26914 ||| INVOKING Heroism.
 26935 | Swamp:2  | Killed Roxanne
 27025 | Swamp:2  | 27025 ||| READING scroll of acquirement.
 27025 | Swamp:2  | 27025 ||| ACQUIRING +0 kite shield "Mopoijen" {rC+ rCorr
                  | Int+3}
 27025 | Swamp:2  | Acquired the +0 kite shield "Mopoijen" {rC+ rCorr Int+3}
 27514 | Swamp:3  | 27514 ||| INVOKING Heroism.
 27579 | Swamp:3  | 27579 ||| Stepping ~*~*~tactically~*~*~ (hiding).
 27580 | Swamp:3  | 27580 ||| Stepping ~*~*~tactically~*~*~ (hiding).
 27584 | Swamp:3  | Noticed a thorn hunter
 27585 | Swamp:3  | 27585 ||| INVOKING Heroism.
 27599 | Swamp:3  | Killed a thorn hunter
 27600 | Swamp:3  | Reached skill level 15 in Shields
 27653 | Swamp:3  | 27653 ||| INVOKING Heroism.
 27662 | Swamp:3  | Received a gift from Okawaru
 27682 | Swamp:3  | 27682 ||| Stepping ~*~*~tactically~*~*~ (hiding).
 27727 | Swamp:3  | 27727 ||| Stepping ~*~*~tactically~*~*~ (stealth).
 27728 | Swamp:3  | 27728 ||| Stepping ~*~*~tactically~*~*~ (stealth).
 27730 | Swamp:3  | 27730 ||| Stepping ~*~*~tactically~*~*~ (hiding).
 27732 | Swamp:3  | 27732 ||| INVOKING Heroism.
 27752 | Swamp:3  | Noticed a fenstrider witch
 27752 | Swamp:3  | Paralysed by a fenstrider witch for 3 turns
 27755 | Swamp:3  | 27755 ||| INVOKING Heroism.
 27763 | Swamp:3  | Reached XP level 17. HP: 88/108 MP: 22/24
 27778 | Swamp:3  | Received a gift from Okawaru
 27779 | Swamp:3  | Paralysed by a fenstrider witch for 4 turns
 27780 | Swamp:3  | HP: 16/108 [goliath frog (14)]
 27781 | Swamp:3  | HP: 2/108 [fenstrider witch (10)]
 27781 | Swamp:3  | Slain by a goliath frog

Levels and vault maps discovered:
D:1:      scummos_arrival_hexagon, layout_loops_ring
D:2:      layout_loops_corners
D:3:      layout_basic, shapermc_ecumenical_altar_venn, serial_shops,
          nicolae_shop_window_shopping, shop, corner_web_ring
D:4:      layout_cave_pools, zin_scriptorium, temple_doors_e, serial_shops,
          shop, uniq_crazy_yiuf_cottage
D:5:      layout_loops_corners, okawaru_gym_becter,
          nicolae_shop_sticking_my_neck_out
D:6:      layout_cave_pods, reono_crystal_passage, columned_hall_lemuel,
          minmay_fountain_box, pf_guarded_unrand_delatra, uniq_eustachio
D:7:      layout_loops_ring
D:8:      layout_loops_ring, mainiacjoe_overflow_surrounded_room,
          chei_slow_surprise, jmf_multi_god_temple,
          nicolae_kikubaaqudgha_miasma_corner, hellmonk_lair_entry_icy,
          uniq_maurice
D:9:      layout_rooms, special_room [special_room_orc], uniq_psyche
D:10:     layout_loops_ring, nicolae_uskayaw_suspiria,
          lemuel_coloured_pillars_altar, minivault_12
D:11:     gammafunk_beogh_shrine, layout_loops_ring, serial_ice, serial_ice_f,
          serial_ice_e, serial_ice_h, serial_ice_k,
          portal_ice_cave_entry_pillars_1
D:12:     layout_irregular_city, serial_shops, nicolae_shop_trees,
          gauntlet_entry_generic, hangedman_weighted_door
D:13:     layout_basic, serial_shops, shop
D:14:     layout_basic, erik_vaults_2, minmay_misc_feat_roman, serial_demonic,
          serial_demonic_d, serial_demonic_f, serial_demonic_a,
          serial_demonic_a, uniq_agnes, uniq_louise, uniq_azrael
D:15:     grunt_enter_depths_snipers, layout_loops_cross, serial_rivers,
          chequers_serial_rivers_large_a, chequers_serial_rivers_small_3,
          chequers_serial_rivers_small_a, chequers_serial_rivers_micro_b,
          chequers_serial_rivers_marsh, uniq_josephine
Temple:   hellmonk_temple_divided_pantheon
Lair:1:   layout_cave_pods
Lair:2:   layout_chaotic_city, swamp_mist, spider_nest_entry_web_field,
          serial_rivers, chequers_serial_rivers_marsh,
          chequers_serial_rivers_micro_e, chequers_serial_rivers_marsh,
          chequers_serial_rivers_room_b, uniq_nergalle, uniq_gastronok,
          uniq_amaemon
Lair:3:   layout_regular_city, nicolae_lair_lakeside_cave, serial_bayou_shore_a
Lair:4:   layout_big_grid, kennysheep_rathole, lemuel_fruit_fields
Lair:5:   gammafunk_lair_ancient_temple, layout_gridlike,
          nicolae_slime_entry_field_trip, minivault_24, minivault_19,
          nicolae_quartered_pool_little, bobbens_ice_dragon_lair,
          lemuel_fruit_tree
Swamp:1:  gammafunk_mikee_crab_dinner, layout_falls_marsh, hangedman_swamp_pad,
          swamp_pool2
Swamp:2:  layout_basic_swamp, hangedman_swamp_diagram, st_swamp_ruins_4,
          uniq_roxanne
Swamp:3:  layout_basic_swamp, evilmike_swamp_ruin_house_2,
          infiniplex_staircase_pool_2, uniq_donald, uniq_mara
Orc:1:    layout_caves, nicolae_orc_crystal_geode
Orc:2:    grunt_orc_community_town_hall, layout_caves,
          grunt_orc_community_big_house_2, grunt_orc_community_big_house_2,
          grunt_orc_community_house_1, grunt_orc_community_house_2,
          grunt_orc_community_house_2, grunt_orc_community_house_2,
          grunt_orc_community_house_2, grunt_orc_community_house_2, basic_altar,
          hangedman_minor_magic

Skill      XL: |  1  2  3  4  5  6  7  8  9 10 11 12 13 14 15 16 |
---------------+-------------------------------------------------+-----
Axes           | 2 3 4 5 6 7 8 9 10 11 13 14 16 17 | 17.0
Fighting       | 4 5 8 9 10 11 12 | 12.6
Armour         | 4 5 6 7 8 9 11 12 | 12.1
Dodging        | 1 2 4 |  4.1
Invocations    | 3 4 6 10 | 10.0
Throwing       | 1 7 |  7.0
Shields        | 4 5 6 7 8 9 15 | 15.7

Action                     |  1- 3 |  4- 6 |  7- 9 | 10-12 | 13-15 | 16-18 || total
---------------------------+-------+-------+-------+-------+-------+-------++-------
  Melee: War axe           |   100 |   133 |   259 |   637 |   140 |       ||  1269
         Broad axe         |       |       |       |       |   993 |   523 ||  1516
  Throw: Boomerang         |     6 |    42 |    50 |    22 |       |     5 ||   125
         Javelin           |       |       |       |       |    24 |    41 ||    65
 Invoke: Heroism           |       |       |     8 |    25 |    28 |    22 ||    83
         Finesse           |       |       |       |     1 |    12 |     1 ||    14
    Use: Scroll            |     5 |     8 |    12 |     3 |     8 |     4 ||    40
         Potion            |       |       |       |     2 |     3 |     3 ||     8
   Stab: Distracted        |       |       |       |       |       |     1 ||     1
         Confused          |       |       |       |       |       |     1 ||     1
 Armour: Scale mail        |    57 |    13 |       |       |       |       ||    70
         Plate armour      |       |    84 |   182 |   415 |   688 |   241 ||  1610
  Dodge: Dodged            |    42 |    55 |    93 |   169 |   286 |    74 ||   719
  Block: Buckler           |    17 |    20 |    59 |   160 |   240 |       ||   496
         Reflection        |       |       |       |     2 |     8 |       ||    10
         Tower shield      |       |       |       |       |    39 |   319 ||   358

Table legend:
 A = Non-vault XP
 B = Vault XP
 C = Vault XP percentage of total XP
 D = Non-vault monster count
 E = Vault monster count
 F = Vault count percentage of total count
                 A         B        C        D         E       F
            +---------+---------+-------+---------+---------+-------
      Total |  124261 |   60513 |  32.7 |     566 |     270 |  32.3
            +---------+---------+-------+---------+---------+-------
        D:1 |      45 |       0 |   0.0 |      24 |       0 |   0.0
        D:2 |      40 |       0 |   0.0 |      11 |       0 |   0.0
        D:3 |      76 |       0 |   0.0 |      21 |       0 |   0.0
        D:4 |     550 |       0 |   0.0 |      21 |       0 |   0.0
        D:5 |     867 |       0 |   0.0 |      16 |       0 |   0.0
        D:6 |     645 |     414 |  39.1 |      10 |      12 |  54.5
        D:7 |    1110 |       0 |   0.0 |      21 |       0 |   0.0
        D:8 |    2948 |    1791 |  37.8 |      36 |      11 |  23.4
        D:9 |    2413 |     861 |  26.3 |      21 |      26 |  55.3
       D:10 |    2511 |       0 |   0.0 |      20 |       0 |   0.0
       D:11 |    4444 |    1554 |  25.9 |      25 |      13 |  34.2
       D:12 |    3534 |    1374 |  28.0 |      10 |       5 |  33.3
       D:13 |    9060 |       0 |   0.0 |      26 |       0 |   0.0
       D:14 |    6556 |   16825 |  72.0 |      14 |      33 |  70.2
       D:15 |    4380 |    4679 |  51.7 |       8 |       9 |  52.9
     Lair:1 |    4872 |       0 |   0.0 |      22 |       0 |   0.0
     Lair:2 |    3061 |    3466 |  53.1 |      15 |       4 |  21.1
     Lair:3 |    9541 |    2228 |  18.9 |      35 |       7 |  16.7
     Lair:4 |    6266 |     297 |   4.5 |      24 |      16 |  40.0
     Lair:5 |   21363 |    8816 |  29.2 |      58 |      25 |  30.1
    Swamp:1 |   16739 |       0 |   0.0 |      35 |       0 |   0.0
    Swamp:2 |    3026 |    6614 |  68.6 |       8 |      10 |  55.6
    Swamp:3 |   12650 |       0 |   0.0 |      16 |       0 |   0.0
      Orc:1 |    3351 |       0 |   0.0 |      28 |       0 |   0.0
      Orc:2 |    4213 |    7528 |  64.1 |      41 |      87 |  68.0
   Gauntlet |       0 |    4066 | 100.0 |       0 |      12 | 100.0
            +---------+---------+-------+---------+---------+-------
